 Dungeon Crawl Stone Soup version 0.31.0-7-gf635a9b802 (webtiles) character file.

Game seed: 15055600698427232295

80 inmateoo the Trooper (level 4, -7/40 HPs)
             Began as a Minotaur Fighter on Jan 24, 2024.
             Was an Initiate of Yredelemnul.
             Mangled by a black bear (11 damage)
             ... on level 3 of the Dungeon.
             The game lasted 00:01:17 (1623 turns).

inmateoo the Trooper (Minotaur Fighter)             Turns: 1623, Time: 00:01:18

Health: -7/40      AC:  8    Str: 20    XL:     4   Next: 18%
Magic:  3/3        EV: 10    Int:  5    God:    Yredelemnul [......]
Gold:   115        SH:  5    Dex: 12    Spells: 3/3 levels left

rFire   + . .        a - +0 war axe
rCold   . . .        c - +0 buckler
rNeg    . . .        b - +0 scale mail
rPois   .            (helmet restricted)
rElec   .            (no cloak)
rCorr   .            (no gloves)
SInv    .            k - +0 pair of boots
Will    .....        (no amulet) Stlth
                     e - ring of protection from fire
HPRegen 0.26/turn    (no ring)
MPRegen 0.08/turn

%: no passive effects
@: hasted, studying Air Magic, very quick
A: horns 2, retaliatory headbutt
a: Renounce Religion, Recall Undead Harvest


You were on level 3 of the Dungeon.
You worshipped Yredelemnul.
Yredelemnul was noncommittal.
You visited 1 branch of the dungeon, and saw 3 of its levels.

You collected 115 gold pieces.

Inventory:

Hand Weapons
 a - a +0 war axe (weapon)
Armour
 b - a +0 scale mail (worn)
 c - a +0 buckler (worn)
 k - a +0 pair of boots (worn)
Jewellery
 e - a ring of protection from fire (left hand)
 n - an amulet of regeneration
Scrolls
 f - a scroll of fog {unknown}
 g - 3 scrolls of fear {unknown}
 m - a scroll of noise {unknown}
 o - 2 scrolls of identify {unknown}
 p - a scroll of vulnerability {unknown}
Potions
 d - a potion of might
 i - a potion of invisibility {unknown}
 j - a potion of curing {unknown}
 l - a potion of lignification {unknown}


   Skills:
 + Level 4.1 Fighting
 * Level 3.8 Axes
 + Level 4.1 Armour
 + Level 1.5 Dodging
 + Level 4.0 Shields


You had 3 spell levels left.
You didn't know any spells.
Your spell library contained the following spells:

 Spells                   Type           Power      Damage    Failure   Level
 Kiss of Death            Conj/Necr      0%         2d5       88%         1
 Call Canine Familiar     Summ           0%         N/A       99%         3
 Confusing Touch          Hex            0%         N/A       99%         3
 Sigil of Binding         Hex            0%         N/A       99%         3
 Dimensional Bullseye     Hex/Tloc       0%         N/A       100%        4
 Dispel Undead            Necr           0%         3d6       100%        4


Dungeon Overview and Level Annotations

Branches:
Dungeon (3/15)

Altars:
Yredelemnul

Shops:
D:2 [


Innate Abilities, Weirdness & Mutations

You have a pair of horns on your head.
You reflexively headbutt those who attack you in melee.


Message History

You swap places.
Your bat zombie hits the black bear but does no damage.
The black bear barely misses your bat zombie. x2
The black bear claws your bat zombie.
Your bat zombie is destroyed!
You swap places.
The black bear closely misses your goblin zombie.
The black bear claws your goblin zombie!
The black bear claws your goblin zombie.
Your goblin zombie is destroyed!
The black bear bites your rat zombie. The black bear claws your rat zombie!
Your rat zombie is destroyed!
The black bear completely misses your quokka zombie.
The black bear barely misses your quokka zombie.
The black bear claws your quokka zombie.
The black bear misses your quokka zombie.
The black bear claws your quokka zombie!
Your quokka zombie is destroyed!
You aren't carrying any items that you can evoke.
It was a potion of haste.
You feel yourself speed up.
The black bear rages. x2
You hit the black bear but do no damage.
The black bear is almost dead.
The black bear bites you.
* * * LOW HITPOINT WARNING * * *
The black bear claws you but does no damage.
You block the black bear's attack.
You barely miss the black bear.
You headbutt the black bear, but do no damage.
The black bear is almost dead.
The black bear bites you but does no damage.
You block the black bear's attack.
The black bear claws you but does no damage.
Okay, then.
You barely miss the black bear.
You headbutt the black bear, but do no damage.
The black bear is almost dead.
The black bear bites you!
You die...
Your body rises from the dead as a mindless zombie.

#.Z#.# #.#.#.#
#..#.# #...## #.Z#.#
##.#####.# #..#.####
#.##.....
#.......########...#
#........(........##
.....##.####......#
#######.####.###h[#
#.#.......@#.#
##.#........##..
####..........># ###
###....#.........#
.<..##..........##
#.......#.......#
..#######..<....#
.## ### ####.#### .#
##[## #...#


You could see a black bear (berserk).

Vanquished Creatures
  4 adders (D:2)
  3 ball pythons
  2 endoplasms (D:1)
  2 giant cockroaches
  2 goblins
  7 hobgoblins
  2 jackals (D:1)
  4 kobolds (D:1)
  4 quokkas
  4 bats
  A frilled lizard (D:1)
  5 rats
40 creatures vanquished.

Vanquished Creatures (collateral kills)
  A rat (D:3)
1 creature vanquished.

Vanquished Creatures (others)
  A bat zombie (D:3)
  A goblin zombie (D:3)
  A quokka zombie (D:3)
  A rat zombie (D:3)
4 creatures vanquished.

Grand Total: 45 creatures vanquished

Notes
Turn   | Place    | Note
-------+----------+-------------------------------------------
     0 | D:1      | inmateoo the Minotaur Fighter began the quest for the Orb.
     0 | D:1      | Reached XP level 1. HP: 19/19 MP: 0/0
   112 | D:1      | Reached XP level 2. HP: 22/27 MP: 1/1
   201 | D:1      | Reached skill level 1 in Dodging
   357 | D:1      | Reached XP level 3. HP: 33/33 MP: 2/2
   719 | D:2      | Found a faded altar of an unknown god.
   803 | D:2      | Identified the +6 war axe of a sewer {heavy, *Slow Str+5}
   965 | D:2      | Found Raischoho's Armour Shop.
   965 | D:2      | Noticed an animated pearl dragon scales
   966 | D:2      | Noticed an animated storm dragon scales
  1240 | D:2      | Reached XP level 4. HP: 32/40 MP: 3/3
  1418 | D:2      | Prayed at the altar of an unknown god.
  1418 | D:2      | Became a worshipper of Yredelemnul the Dark
  1418 | D:2      | Reached * piety under Yredelemnul
  1604 | D:3      | Noticed a black bear
  1623 | D:3      | Mangled by a black bear

Illustrated notes

Levels and vault maps discovered:
D:1:      wander_arrival_lonely_grave, layout_loops_ring
D:2:      layout_basic, serial_shops, nicolae_shop_mannequins,
          ebering_ecumenical_altar_abandoned
D:3:      layout_loops_ring, mainiacjoe_overflow_chevrons,
          grunt_decor_mini_mirrors, minmay_quadrilaterals, uniq_ijyb

Skill      XL: |  1  2  3 |
---------------+----------+-----
Axes           | 3 |  3.8
Dodging        | 1 |  1.5
Fighting       | 4 |  4.1
Armour         | 4 |  4.1
Shields        | 4 |  4.0

Action                     |  1- 3 |  4- 6 || total
---------------------------+-------+-------++-------
  Melee: War axe           |    81 |    13 ||    94
         Headbutt          |     9 |     5 ||    14
    Use: Potion            |       |     1 ||     1
 Armour: Scale mail        |    68 |    22 ||    90
  Dodge: Dodged            |    29 |    12 ||    41
  Block: Buckler           |    26 |     5 ||    31
